[ AOE2 MATCH · #467406117 ]
Team RMKhmer vs Britons
[ REPLAY ANALYSIS · EXTRACTED FROM THE RECORDED GAME ]
Feudal
15:57
Castle
20:07
Imperial
31:14
| APM avg | 7.4 |
| APM peak | 57 |
| eAPM avg | 4.4 |
| Villagers / military | 99 / 10 |
Focus
⚔️ 12.6% · 🌾 87.4%
Trade Cart ×10 · Ballista Elephant ×9 · Trebuchet (Packed) ×1
Feudal
—
Castle
—
Imperial
—
| APM avg | 15.7 |
| APM peak | 55 |
| eAPM avg | 11.2 |
| Villagers / military | 87 / 932 |
Focus
⚔️ 45.8% · 🌾 54.2%
Spearman ×443 · Rattan Archer ×262 · Militia ×95 · Knight ×48 · Battle Elephant ×42 · Bombard Cannon ×41
Feudal
13:00
Castle
29:35
Imperial
57:16
| APM avg | 13.8 |
| APM peak | 78 |
| eAPM avg | 13.6 |
| Villagers / military | 73 / 792 |
Focus
⚔️ 70.5% · 🌾 29.5%
Knight ×228 · Throwing Axeman ×198 · Scorpion ×64 · Scout Cavalry ×62 · Spearman ×49 · Hand Cannoneer ×45
Feudal
—
Castle
—
Imperial
—
| APM avg | 29.4 |
| APM peak | 84 |
| eAPM avg | 19.7 |
| Villagers / military | 77 / 879 |
Focus
⚔️ 72.2% · 🌾 27.8%
Skirmisher ×523 · Cataphract ×264 · Spearman ×84 · Trade Cart ×29 · Monk ×5 · Trebuchet (Packed) ×2
Feudal
—
Castle
—
Imperial
—
| APM avg | 4.8 |
| APM peak | 26 |
| eAPM avg | 4.3 |
| Villagers / military | 82 / 82 |
Focus
⚔️ 30.7% · 🌾 69.3%
Spearman ×74 · Trade Cart ×8 · Knight ×6 · Iron Pagoda ×2
Feudal
—
Castle
—
Imperial
—
| APM avg | 25.3 |
| APM peak | 112 |
| eAPM avg | 21.2 |
| Villagers / military | 116 / 795 |
Focus
⚔️ 68.0% · 🌾 32.0%
Spearman ×515 · Scout Cavalry ×185 · Bombard Cannon ×72 · Trade Cart ×14 · Mangonel ×6 · Knight ×5
Feudal
14:18
Castle
27:03
Imperial
48:32
| APM avg | 19.9 |
| APM peak | 88 |
| eAPM avg | 8.7 |
| Villagers / military | 80 / 782 |
Focus
⚔️ 47.7% · 🌾 52.3%
Camel Scout ×431 · Hand Cannoneer ×306 · Trade Cart ×27 · Bombard Cannon ×21 · Spearman ×10 · Militia ×5
Feudal
15:13
Castle
30:49
Imperial
40:55
| APM avg | 15.9 |
| APM peak | 70 |
| eAPM avg | 14.2 |
| Villagers / military | 363 / 1327 |
Focus
⚔️ 52.6% · 🌾 47.4%
Longbowman ×651 · Spearman ×401 · Scorpion ×233 · Trade Cart ×112 · Mangonel ×41 · Monk ×1
Match map
Resources at game start + every placement click. Thick line = wall · dashed box = detected house wall. 🟡 gold · ⚪ stone · 🟢 berries · 🔶 boar · ⭕ relic
Inputs per minute
— Patheris - - carrito21
Build order — Patheris
First 150 of 194 actions detected
| 0:02 | Create | Villager (Male) |
| 0:03 | Create | Villager (Male) |
| 0:08 | Build | House |
| 0:23 | Research | Loom |
| 0:26 | Create | Villager (Male) |
| 0:26 | Create | Villager (Male) |
| 0:57 | Create | Villager (Male) |
| 0:57 | Create | Villager (Male) |
| 3:06 | Create | Villager (Male) |
| 3:40 | Create | Villager (Male) |
| 4:12 | Create | Villager (Male) |
| 4:26 | Build | House |
| 5:22 | Create | Villager (Male) |
| 5:36 | Create | Villager (Male) |
| 5:47 | Build | Mill |
| 5:58 | Create | Villager (Male) |
| 6:08 | Build | Lumber Camp |
| 6:58 | Create | Villager (Male) |
| 6:58 | Create | Villager (Male) |
| 7:08 | Build | Palisade Wall |
| 7:24 | Create | Villager (Male) |
| 7:24 | Create | Villager (Male) |
| 7:42 | Build | House |
| 7:52 | Build | Palisade Wall |
| 8:22 | Create | Villager (Male) |
| 8:55 | Create | Villager (Male) |
| 8:55 | Create | Villager (Male) |
| 8:56 | Create | Villager (Male) |
| 8:56 | Create | Villager (Male) |
| 9:25 | Create | Villager (Male) |
| 9:25 | Create | Villager (Male) |
| 9:42 | Build | House |
| 9:55 | Build | Palisade Wall |
| 10:19 | Build | House |
| 10:27 | Build | Lumber Camp |
| 10:31 | Create | Villager (Male) |
| 10:31 | Create | Villager (Male) |
| 11:15 | Build | Farm |
| 11:19 | Build | Farm |
| 11:36 | Build | Palisade Wall |
| 11:42 | Create | Villager (Male) |
| 11:42 | Create | Villager (Male) |
| 11:43 | Create | Villager (Male) |
| 11:43 | Create | Villager (Male) |
| 11:59 | Build | Mining Camp |
| 12:08 | Create | Villager (Male) |
| 12:42 | Build | Farm |
| 13:21 | Build | Farm |
| 13:24 | Build | Farm |
| 13:28 | Build | Farm |
| 13:30 | Build | Farm |
| 13:43 | Research | Feudal Age |
| 13:54 | Build | Farm |
| 14:57 | Create | Villager (Male) |
| 14:57 | Create | Villager (Male) |
| 15:06 | Build | Farm |
| 15:13 | Build | Farm |
| 15:20 | Build | House |
| 15:57 | Age | Feudal Age |
| 16:28 | Build | Mining Camp |
| 16:56 | Create | Villager (Male) |
| 17:27 | Research | Castle Age |
| 17:56 | Build | Farm |
| 18:03 | Build | Farm |
| 18:05 | Research | Horse Collar |
| 18:07 | Research | Double-Bit Axe |
| 19:31 | Create | Villager (Male) |
| 19:31 | Create | Villager (Male) |
| 20:07 | Age | Castle Age |
| 20:20 | Build | Town Center |
| 20:26 | Create | Villager (Male) |
| 20:26 | Create | Villager (Male) |
| 20:30 | Research | Stone Mining |
| 20:36 | Research | Bow Saw |
| 20:57 | Create | Villager (Male) |
| 21:16 | Create | Villager (Male) |
| 21:46 | Build | House |
| 21:49 | Create | Villager (Male) |
| 21:49 | Create | Villager (Male) |
| 21:49 | Create | Villager (Male) |
| 21:50 | Create | Villager (Male) |
| 21:59 | Research | Wheelbarrow |
| 22:08 | Research | Heavy Plow |
| 22:23 | Build | House |
| 22:31 | Build | House |
| 22:40 | Create | Villager (Male) |
| 22:41 | Create | Villager (Male) |
| 22:41 | Create | Villager (Male) |
| 23:00 | Build | Farm |
| 23:11 | Create | Villager (Male) |
| 23:11 | Create | Villager (Male) |
| 23:26 | Create | Villager (Male) |
| 23:26 | Create | Villager (Male) |
| 24:02 | Research | Gold Mining |
| 24:04 | Create | Villager (Male) |
| 24:08 | Create | Villager (Male) |
| 24:08 | Create | Villager (Male) |
| 24:23 | Build | Farm |
| 24:27 | Build | Farm |
| 24:30 | Build | Farm |
| 24:34 | Build | Farm |
| 24:39 | Build | Farm |
| 24:41 | Build | Farm |
| 24:43 | Create | Villager (Male) |
| 24:44 | Create | Villager (Male) |
| 24:47 | Create | Villager (Male) |
| 24:47 | Create | Villager (Male) |
| 24:47 | Create | Villager (Male) |
| 25:12 | Build | Castle |
| 25:39 | Research | Hand Cart |
| 25:52 | Create | Villager (Male) |
| 25:52 | Create | Villager (Male) |
| 25:52 | Create | Villager (Male) |
| 26:22 | Build | Market |
| 26:24 | Build | Market |
| 26:50 | Create | Villager (Male) |
| 26:50 | Create | Villager (Male) |
| 27:29 | Build | Farm |
| 27:32 | Build | Farm |
| 27:35 | Create | Villager (Male) |
| 27:35 | Create | Villager (Male) |
| 27:35 | Create | Villager (Male) |
| 27:35 | Create | Villager (Male) |
| 27:51 | Build | Farm |
| 28:04 | Research | Imperial Age |
| 28:22 | Create | Villager (Male) |
| 28:23 | Create | Villager (Male) |
| 28:27 | Create | Villager (Male) |
| 28:27 | Create | Villager (Male) |
| 28:28 | Create | Villager (Male) |
| 28:40 | Build | Farm |
| 28:44 | Build | Farm |
| 29:10 | Build | Town Center |
| 29:15 | Create | Villager (Male) |
| 29:16 | Create | Villager (Male) |
| 29:16 | Create | Villager (Male) |
| 29:16 | Create | Villager (Male) |
| 29:16 | Create | Villager (Male) |
| 29:16 | Create | Villager (Male) |
| 29:29 | Create | Trade Cart |
| 29:30 | Create | Trade Cart |
| 29:30 | Create | Trade Cart |
| 29:30 | Create | Trade Cart |
| 29:30 | Create | Trade Cart |
| 29:30 | Create | Trade Cart |
| 30:05 | Create | Villager (Male) |
| 30:05 | Create | Villager (Male) |
| 30:05 | Create | Villager (Male) |
| 30:11 | Research | Gold Shaft Mining |
| 30:11 | Research | Stone Shaft Mining |
Build order — carrito21
First 150 of 507 actions detected
| 0:06 | Create | Villager (Male) ×4 |
| 0:12 | Build | House |
| 0:13 | Build | House |
| 0:14 | Build | House |
| 0:55 | Research | Loom |
| 2:17 | Create | Villager (Male) |
| 3:06 | Create | Villager (Male) |
| 3:06 | Create | Villager (Male) |
| 3:06 | Create | Villager (Male) |
| 4:40 | Create | Villager (Male) |
| 4:41 | Create | Villager (Male) |
| 4:41 | Create | Villager (Male) |
| 4:42 | Create | Villager (Male) |
| 5:30 | Create | Villager (Male) |
| 5:30 | Create | Villager (Male) |
| 6:34 | Create | Villager (Male) |
| 6:34 | Create | Villager (Male) |
| 6:34 | Create | Villager (Male) |
| 7:52 | Create | Villager (Male) |
| 7:53 | Create | Villager (Male) |
| 7:53 | Create | Villager (Male) |
| 8:00 | Build | Mill |
| 8:24 | Create | Villager (Male) |
| 8:24 | Create | Villager (Male) |
| 8:24 | Create | Villager (Male) |
| 8:34 | Build | House |
| 8:35 | Build | House |
| 8:49 | Create | Villager (Male) |
| 10:03 | Build | Lumber Camp |
| 10:27 | Create | Villager (Male) |
| 10:27 | Create | Villager (Male) |
| 10:28 | Create | Villager (Male) |
| 10:28 | Create | Villager (Male) |
| 12:40 | Create | Villager (Male) |
| 12:43 | Research | Feudal Age |
| 12:55 | Build | Mining Camp |
| 13:17 | Build | Mining Camp |
| 15:00 | Build | Farm |
| 15:17 | Build | Farm |
| 15:18 | Build | Farm |
| 15:20 | Build | Farm |
| 15:23 | Build | Farm |
| 15:33 | Build | Farm |
| 15:46 | Research | Wheelbarrow |
| 15:57 | Build | House |
| 16:00 | Build | House |
| 16:19 | Build | Farm |
| 16:20 | Build | Farm |
| 16:21 | Build | Farm |
| 16:22 | Build | Farm |
| 16:24 | Build | Farm |
| 17:10 | Create | Villager (Male) |
| 17:10 | Create | Villager (Male) |
| 17:20 | Build | Farm |
| 17:21 | Build | Farm |
| 17:22 | Build | Farm |
| 17:39 | Build | Market |
| 17:47 | Create | Villager (Male) |
| 17:47 | Create | Villager (Male) |
| 18:18 | Research | Double-Bit Axe |
| 18:44 | Research | Horse Collar |
| 19:00 | Build | Blacksmith |
| 19:03 | Create | Villager (Male) |
| 19:03 | Create | Villager (Male) |
| 19:55 | Research | Castle Age |
| 19:59 | Build | Farm |
| 20:13 | Create | Trade Cart |
| 20:14 | Create | Trade Cart |
| 21:02 | Create | Trade Cart |
| 21:08 | Research | Gold Mining |
| 21:12 | Research | Stone Mining |
| 21:21 | Create | Trade Cart |
| 21:50 | Build | House |
| 21:52 | Build | House |
| 21:53 | Build | House |
| 21:54 | Build | House |
| 21:55 | Build | House |
| 21:57 | Build | House |
| 21:58 | Build | House |
| 22:00 | Build | House |
| 22:56 | Build | Stone Wall |
| 23:00 | Build | Building 673 |
| 23:14 | Build | Town Center |
| 23:24 | Build | Town Center |
| 23:27 | Create | Villager (Male) |
| 23:28 | Create | Villager (Male) |
| 23:28 | Create | Villager (Male) |
| 23:36 | Research | Bow Saw |
| 23:43 | Research | Heavy Plow |
| 24:02 | Create | Trade Cart |
| 24:02 | Create | Trade Cart |
| 24:32 | Create | Villager (Male) |
| 24:32 | Create | Villager (Male) |
| 24:32 | Create | Villager (Male) |
| 24:33 | Create | Villager (Male) |
| 24:33 | Create | Villager (Male) |
| 24:34 | Create | Villager (Male) |
| 24:45 | Create | Trade Cart |
| 24:46 | Create | Trade Cart |
| 24:56 | Build | Lumber Camp |
| 25:01 | Create | Villager (Male) |
| 25:01 | Create | Villager (Male) |
| 25:02 | Create | Villager (Male) |
| 25:02 | Create | Villager (Male) |
| 25:02 | Create | Villager (Male) |
| 25:02 | Create | Villager (Male) |
| 25:20 | Research | Stone Shaft Mining |
| 25:56 | Build | House |
| 25:58 | Build | House |
| 26:00 | Build | House |
| 26:01 | Build | House |
| 26:02 | Build | House |
| 26:03 | Build | House |
| 26:14 | Create | Villager (Male) ×5 |
| 26:23 | Create | Trade Cart |
| 26:39 | Create | Villager (Male) |
| 26:40 | Create | Villager (Male) |
| 26:40 | Create | Villager (Male) |
| 26:40 | Create | Villager (Male) |
| 26:47 | Build | Farm |
| 26:49 | Build | Farm |
| 26:50 | Build | Farm |
| 26:51 | Build | Farm |
| 26:53 | Build | Farm |
| 26:54 | Build | Farm |
| 26:56 | Build | Farm |
| 26:58 | Build | Farm |
| 27:00 | Build | Farm |
| 27:07 | Create | Villager (Male) |
| 27:07 | Create | Villager (Male) |
| 27:07 | Create | Villager (Male) |
| 27:28 | Create | Trade Cart |
| 27:28 | Create | Trade Cart |
| 27:35 | Create | Villager (Male) |
| 27:35 | Create | Villager (Male) |
| 27:38 | Create | Villager (Male) |
| 27:39 | Create | Villager (Male) |
| 27:46 | Build | Farm |
| 27:47 | Build | Farm |
| 27:48 | Build | Farm |
| 27:50 | Build | Farm |
| 27:52 | Build | Farm |
| 27:54 | Build | Farm |
| 27:56 | Build | Farm |
| 28:04 | Create | Villager (Male) |
| 28:04 | Create | Villager (Male) |
| 28:04 | Create | Villager (Male) |
| 28:05 | Create | Villager (Male) |
| 28:12 | Create | Villager (Male) |
| 28:13 | Create | Villager (Male) |
Build order — Gradubide_II
First 150 of 1079 actions detected
| 0:15 | Build | House |
| 0:16 | Build | House |
| 0:17 | Build | House |
| 0:19 | Build | House |
| 0:22 | Create | Villager (Male) |
| 0:22 | Create | Villager (Male) |
| 0:22 | Create | Villager (Male) |
| 0:22 | Create | Villager (Male) |
| 0:23 | Create | Villager (Male) |
| 0:24 | Research | Loom |
| 0:54 | Build | Mill |
| 2:14 | Create | Villager (Male) |
| 2:35 | Create | Villager (Male) |
| 3:31 | Create | Villager (Male) |
| 3:32 | Create | Villager (Male) |
| 3:43 | Create | Villager (Male) |
| 4:42 | Create | Villager (Male) |
| 4:43 | Create | Villager (Male) |
| 4:43 | Create | Villager (Male) |
| 5:10 | Create | Villager (Male) |
| 5:11 | Create | Villager (Male) |
| 6:16 | Build | Palisade Wall |
| 6:24 | Create | Villager (Male) |
| 6:24 | Create | Villager (Male) |
| 7:04 | Create | Villager (Male) |
| 7:05 | Create | Villager (Male) |
| 8:06 | Build | Farm |
| 8:10 | Build | Farm |
| 8:13 | Build | Farm |
| 8:18 | Build | Farm |
| 8:58 | Create | Villager (Male) |
| 8:59 | Create | Villager (Male) |
| 9:22 | Build | Lumber Camp |
| 9:32 | Build | House |
| 9:33 | Build | House |
| 10:14 | Build | House |
| 10:15 | Build | House |
| 10:36 | Build | Building 796 |
| 10:50 | Research | Feudal Age |
| 11:21 | Build | Outpost |
| 11:48 | Build | House |
| 11:49 | Build | House |
| 11:56 | Build | Mining Camp |
| 12:12 | Build | Mill |
| 12:27 | Build | Farm |
| 12:32 | Build | Farm |
| 12:50 | Build | Farm |
| 13:00 | Age | Feudal Age |
| 13:09 | Create | Villager (Male) |
| 13:10 | Create | Villager (Male) |
| 13:10 | Create | Villager (Male) |
| 13:10 | Create | Villager (Male) |
| 13:11 | Create | Villager (Male) |
| 13:11 | Create | Villager (Male) |
| 13:11 | Create | Villager (Male) |
| 13:12 | Create | Villager (Male) |
| 13:25 | Build | Farm |
| 13:35 | Build | House |
| 13:36 | Build | House |
| 13:37 | Build | House |
| 14:04 | Build | Mining Camp |
| 14:21 | Research | Double-Bit Axe |
| 14:37 | Create | Villager (Male) |
| 14:37 | Create | Villager (Male) |
| 14:53 | Build | Farm |
| 14:59 | Build | Farm |
| 15:07 | Create | Villager (Male) |
| 15:09 | Research | Town Watch |
| 15:39 | Build | Mining Camp |
| 15:47 | Build | Farm |
| 16:10 | Build | Market |
| 16:27 | Create | Villager (Male) |
| 16:27 | Create | Villager (Male) |
| 16:27 | Create | Villager (Male) |
| 16:28 | Create | Villager (Male) |
| 16:37 | Build | Farm |
| 17:13 | Research | Wheelbarrow |
| 17:28 | Build | Farm |
| 17:36 | Build | Mill |
| 17:42 | Build | Mining Camp |
| 17:55 | Create | Trade Cart |
| 17:55 | Create | Trade Cart |
| 18:43 | Build | Mining Camp |
| 18:50 | Create | Trade Cart |
| 19:08 | Create | Villager (Male) |
| 19:08 | Create | Villager (Male) |
| 19:09 | Create | Villager (Male) |
| 19:09 | Create | Villager (Male) |
| 19:10 | Create | Villager (Male) |
| 19:26 | Research | Gold Mining |
| 19:28 | Research | Stone Mining |
| 19:37 | Create | Trade Cart |
| 20:11 | Create | Trade Cart |
| 20:49 | Create | Trade Cart |
| 20:54 | Create | Trade Cart |
| 21:11 | Build | Blacksmith |
| 22:02 | Build | Mining Camp |
| 22:20 | Create | Villager (Male) |
| 22:20 | Create | Villager (Male) |
| 22:21 | Create | Villager (Male) |
| 22:21 | Create | Villager (Male) |
| 22:21 | Create | Villager (Male) |
| 22:27 | Build | Mining Camp |
| 22:50 | Build | House |
| 22:51 | Build | House |
| 22:52 | Build | House |
| 22:54 | Build | House |
| 22:55 | Build | House |
| 22:56 | Build | House |
| 22:58 | Build | House |
| 23:16 | Build | Farm |
| 23:24 | Build | Mill |
| 23:30 | Create | Villager (Male) |
| 23:33 | Create | Villager (Male) |
| 23:33 | Create | Villager (Male) |
| 23:33 | Create | Villager (Male) |
| 23:41 | Build | Farm |
| 23:48 | Research | Forging |
| 23:49 | Research | Scale Mail Armor |
| 23:49 | Research | Scale Barding Armor |
| 23:50 | Research | Padded Archer Armor |
| 23:50 | Research | Fletching |
| 24:02 | Create | Trade Cart |
| 24:03 | Create | Trade Cart |
| 24:03 | Create | Trade Cart |
| 24:59 | Build | Farm |
| 25:12 | Build | Stone Wall |
| 25:19 | Build | Building 490 |
| 25:46 | Build | Mining Camp |
| 25:51 | Create | Trade Cart |
| 25:51 | Create | Trade Cart |
| 25:52 | Create | Trade Cart |
| 26:01 | Create | Villager (Male) |
| 26:09 | Build | Farm |
| 26:23 | Build | House |
| 26:24 | Build | House |
| 26:25 | Build | House |
| 26:27 | Build | House |
| 26:29 | Build | House |
| 26:31 | Build | House |
| 26:38 | Build | Farm |
| 26:52 | Research | Castle Age |
| 27:02 | Build | Barracks |
| 27:23 | Build | Barracks |
| 27:40 | Build | Stone Wall |
| 28:15 | Create | Trade Cart |
| 28:26 | Research | Man-at-Arms (upgrade) |
| 28:27 | Research | Arson |
| 28:54 | Create | Villager (Male) |
| 28:55 | Create | Villager (Male) |
Build order — FalteringHarpy5
First 150 of 1162 actions detected
| 0:03 | Create | Villager (Male) |
| 0:04 | Create | Villager (Male) |
| 0:04 | Create | Villager (Male) |
| 0:04 | Create | Villager (Male) |
| 0:07 | Build | House |
| 0:09 | Build | House |
| 0:38 | Build | House |
| 0:41 | Build | House |
| 1:45 | Create | Villager (Male) |
| 3:27 | Build | Palisade Wall |
| 3:35 | Create | Villager (Male) |
| 3:36 | Create | Villager (Male) |
| 3:36 | Create | Villager (Male) |
| 4:07 | Build | Mill |
| 4:50 | Build | Palisade Wall |
| 5:19 | Create | Villager (Male) |
| 5:19 | Create | Villager (Male) |
| 5:20 | Create | Villager (Male) |
| 5:20 | Create | Villager (Male) |
| 5:40 | Create | Villager (Male) |
| 7:01 | Build | Lumber Camp |
| 7:39 | Create | Villager (Male) |
| 7:40 | Create | Villager (Male) |
| 7:40 | Create | Villager (Male) |
| 7:40 | Create | Villager (Male) |
| 7:42 | Create | Villager (Male) |
| 7:42 | Create | Villager (Male) |
| 9:04 | Build | Mining Camp |
| 9:57 | Create | Villager (Male) |
| 10:40 | Create | Villager (Male) |
| 10:56 | Research | Loom |
| 11:11 | Build | Farm |
| 11:15 | Research | Feudal Age |
| 12:07 | Build | Mill |
| 13:38 | Create | Villager (Male) |
| 13:38 | Create | Villager (Male) |
| 13:39 | Create | Villager (Male) |
| 14:08 | Build | Farm |
| 14:34 | Build | Farm |
| 14:51 | Create | Villager (Male) |
| 14:57 | Build | House |
| 14:59 | Build | House |
| 15:23 | Build | Market |
| 15:57 | Build | House |
| 16:26 | Build | Blacksmith |
| 16:31 | Create | Villager (Male) |
| 16:32 | Create | Villager (Male) |
| 16:58 | Build | Mill |
| 17:25 | Build | Farm |
| 17:37 | Research | Castle Age |
| 18:36 | Research | Double-Bit Axe |
| 18:51 | Research | Horse Collar |
| 18:55 | Research | Gold Mining |
| 19:47 | Create | Trade Cart |
| 20:19 | Create | Villager (Male) |
| 20:20 | Create | Villager (Male) |
| 20:20 | Create | Villager (Male) |
| 20:21 | Create | Villager (Male) |
| 20:21 | Create | Villager (Male) |
| 20:56 | Build | Mining Camp |
| 21:14 | Build | Barracks |
| 21:43 | Build | Farm |
| 21:44 | Research | Heavy Plow |
| 22:02 | Research | Bow Saw |
| 22:02 | Research | Bow Saw |
| 22:16 | Create | Villager (Male) |
| 22:16 | Create | Villager (Male) |
| 23:01 | Build | Town Center |
| 23:10 | Create | Villager (Male) |
| 23:10 | Create | Villager (Male) |
| 23:10 | Create | Villager (Male) |
| 23:24 | Build | Farm |
| 23:30 | Build | House |
| 23:38 | Create | Villager (Male) |
| 24:03 | Build | House |
| 24:37 | Build | Farm |
| 24:46 | Build | House |
| 24:51 | Create | Villager (Male) |
| 24:52 | Create | Villager (Male) |
| 25:06 | Build | Castle |
| 25:11 | Build | Farm |
| 25:15 | Build | Farm |
| 25:22 | Build | Farm |
| 25:27 | Build | Farm |
| 25:28 | Build | Farm |
| 25:29 | Build | Farm |
| 25:31 | Build | Farm |
| 25:51 | Build | Farm |
| 25:52 | Build | Farm |
| 25:59 | Create | Villager (Male) |
| 25:59 | Create | Villager (Male) |
| 26:00 | Create | Villager (Male) |
| 26:06 | Research | Stone Mining |
| 26:20 | Research | Pikeman (upgrade) |
| 26:55 | Research | Gambesons |
| 26:57 | Research | Squires |
| 26:58 | Research | Arson |
| 27:24 | Create | Villager (Male) |
| 27:24 | Create | Villager (Male) |
| 27:25 | Create | Villager (Male) |
| 28:12 | Create | Spearman |
| 28:12 | Create | Spearman |
| 28:13 | Create | Spearman |
| 28:13 | Create | Spearman |
| 28:13 | Create | Spearman |
| 28:20 | Build | Farm |
| 28:22 | Build | Farm |
| 28:30 | Create | Villager (Male) |
| 28:30 | Create | Villager (Male) |
| 28:31 | Create | Villager (Male) |
| 28:31 | Create | Villager (Male) |
| 28:33 | Create | Villager (Male) |
| 28:33 | Create | Villager (Male) |
| 28:33 | Create | Villager (Male) |
| 28:34 | Create | Villager (Male) |
| 28:45 | Build | Farm |
| 29:24 | Build | University |
| 29:39 | Build | Archery Range |
| 29:40 | Build | Archery Range |
| 29:45 | Build | Farm |
| 29:49 | Build | Farm |
| 30:07 | Research | Imperial Age |
| 30:17 | Create | Villager (Male) |
| 30:20 | Research | Loom |
| 30:22 | Research | Wheelbarrow |
| 30:25 | Build | Farm |
| 30:47 | Create | Cataphract |
| 31:30 | Build | Farm |
| 31:42 | Build | Farm |
| 31:49 | Build | Farm |
| 31:53 | Build | Farm |
| 31:57 | Research | Caravan |
| 31:57 | Create | Trade Cart |
| 31:58 | Create | Trade Cart |
| 31:58 | Create | Trade Cart |
| 32:32 | Create | Petard |
| 32:44 | Research | Elite Skirmisher (upgrade) |
| 32:45 | Research | Thumb Ring |
| 32:48 | Create | Skirmisher |
| 32:48 | Create | Skirmisher |
| 32:49 | Create | Skirmisher |
| 32:49 | Create | Skirmisher |
| 32:49 | Create | Skirmisher |
| 32:49 | Create | Skirmisher |
| 32:50 | Create | Skirmisher |
| 32:50 | Create | Skirmisher |
| 32:50 | Create | Skirmisher |
| 32:50 | Create | Skirmisher |
| 32:51 | Create | Skirmisher |
| 32:51 | Create | Skirmisher |
Build order — GeneralValen673
First 150 of 255 actions detected
| 0:04 | Research | Loom |
| 0:21 | Build | Palisade Wall |
| 0:32 | Build | Building 796 |
| 8:49 | Create | Villager (Male) |
| 10:25 | Create | Villager (Male) |
| 10:25 | Create | Villager (Male) |
| 10:25 | Create | Villager (Male) |
| 11:28 | Create | Villager (Male) |
| 12:17 | Create | Villager (Male) |
| 13:13 | Create | Villager (Male) |
| 13:42 | Create | Villager (Male) |
| 14:15 | Create | Villager (Male) |
| 14:35 | Create | Villager (Male) |
| 14:46 | Build | House |
| 14:51 | Build | House |
| 15:17 | Create | Villager (Male) |
| 15:42 | Create | Villager (Male) |
| 16:01 | Create | Villager (Male) |
| 16:42 | Create | Villager (Male) |
| 16:42 | Create | Villager (Male) |
| 16:54 | Create | Villager (Male) |
| 17:23 | Create | Villager (Male) |
| 17:46 | Create | Villager (Male) |
| 18:12 | Build | Mill |
| 19:43 | Create | Villager (Male) |
| 19:43 | Create | Villager (Male) |
| 19:43 | Create | Villager (Male) |
| 19:44 | Create | Villager (Male) |
| 19:44 | Create | Villager (Male) |
| 19:45 | Create | Villager (Male) |
| 19:45 | Create | Villager (Male) |
| 20:22 | Build | Lumber Camp |
| 21:24 | Create | Villager (Male) |
| 22:53 | Build | Farm |
| 23:29 | Build | Farm |
| 23:32 | Create | Villager (Male) |
| 23:40 | Build | Farm |
| 23:45 | Build | Farm |
| 23:53 | Build | Farm |
| 23:59 | Build | Farm |
| 24:05 | Build | Farm |
| 24:14 | Build | House |
| 24:18 | Build | House |
| 24:22 | Build | House |
| 24:54 | Research | Feudal Age |
| 25:04 | Build | Farm |
| 25:10 | Build | Farm |
| 25:17 | Build | Farm |
| 26:02 | Build | House |
| 26:05 | Build | House |
| 26:10 | Build | House |
| 26:21 | Create | Villager (Male) |
| 26:21 | Create | Villager (Male) |
| 26:22 | Create | Villager (Male) |
| 26:22 | Create | Villager (Male) |
| 26:22 | Create | Villager (Male) |
| 26:23 | Create | Villager (Male) |
| 26:23 | Create | Villager (Male) |
| 26:23 | Create | Villager (Male) |
| 26:24 | Create | Villager (Male) |
| 27:27 | Create | Villager (Male) |
| 27:27 | Create | Villager (Male) |
| 27:37 | Build | Mining Camp |
| 27:50 | Build | Market |
| 28:09 | Research | Double-Bit Axe |
| 28:31 | Build | Mining Camp |
| 29:01 | Research | Gold Mining |
| 29:26 | Build | Barracks |
| 29:46 | Build | Blacksmith |
| 29:57 | Create | Villager (Male) |
| 29:57 | Create | Villager (Male) |
| 30:37 | Build | House |
| 30:40 | Build | House |
| 30:44 | Build | House |
| 30:48 | Build | House |
| 31:01 | Build | Barracks |
| 31:20 | Research | Stone Mining |
| 31:33 | Build | Farm |
| 32:13 | Research | Castle Age |
| 32:26 | Build | Barracks |
| 32:33 | Build | Barracks |
| 32:42 | Build | Farm |
| 32:57 | Build | Farm |
| 33:16 | Build | House |
| 33:20 | Build | House |
| 33:23 | Build | House |
| 33:26 | Build | House |
| 33:44 | Create | Spearman |
| 33:44 | Create | Spearman |
| 33:44 | Create | Spearman |
| 33:44 | Create | Spearman |
| 33:45 | Create | Spearman |
| 33:45 | Create | Spearman |
| 33:45 | Create | Spearman |
| 34:37 | Create | Spearman |
| 34:37 | Create | Spearman |
| 34:37 | Create | Spearman |
| 34:38 | Create | Spearman |
| 34:47 | Research | Scale Mail Armor |
| 34:52 | Create | Villager (Male) |
| 34:53 | Create | Villager (Male) |
| 34:53 | Create | Villager (Male) |
| 35:25 | Build | Castle |
| 35:44 | Create | Villager (Male) |
| 35:44 | Create | Villager (Male) |
| 35:45 | Create | Villager (Male) |
| 35:45 | Create | Villager (Male) |
| 36:23 | Research | Pikeman (upgrade) |
| 36:38 | Create | Trade Cart |
| 36:45 | Create | Trade Cart |
| 36:50 | Create | Villager (Male) |
| 36:50 | Create | Villager (Male) |
| 36:51 | Create | Villager (Male) |
| 36:56 | Create | Trade Cart |
| 37:01 | Create | Villager (Male) |
| 37:18 | Create | Spearman |
| 37:18 | Create | Spearman |
| 37:19 | Create | Spearman |
| 38:17 | Build | Farm |
| 38:21 | Create | Villager (Male) |
| 38:21 | Create | Villager (Male) |
| 38:21 | Create | Villager (Male) |
| 38:21 | Create | Villager (Male) |
| 38:21 | Create | Villager (Male) |
| 38:44 | Build | Siege Workshop |
| 38:51 | Build | Siege Workshop |
| 39:13 | Build | Town Center |
| 39:26 | Build | Farm |
| 39:37 | Create | Villager (Male) |
| 39:38 | Create | Villager (Male) |
| 40:06 | Build | Farm |
| 40:13 | Create | Villager (Male) |
| 40:13 | Create | Villager (Male) |
| 40:13 | Create | Villager (Male) |
| 40:14 | Create | Villager (Male) |
| 40:14 | Create | Villager (Male) |
| 40:14 | Create | Villager (Male) |
| 40:14 | Create | Villager (Male) |
| 40:22 | Build | Farm |
| 40:29 | Create | Trade Cart |
| 40:41 | Build | Farm |
| 40:51 | Build | Barracks |
| 40:56 | Build | Barracks |
| 41:00 | Build | Barracks |
| 41:09 | Build | Farm |
| 41:33 | Create | Villager (Male) |
| 41:33 | Create | Villager (Male) |
| 41:33 | Create | Villager (Male) |
| 41:34 | Create | Villager (Male) |
| 41:34 | Create | Villager (Male) |
Build order — GenMati
First 150 of 1105 actions detected
| 0:06 | Research | Loom |
| 0:07 | Create | Villager (Male) |
| 0:07 | Create | Villager (Male) |
| 0:07 | Create | Villager (Male) |
| 0:08 | Create | Villager (Male) |
| 0:08 | Create | Villager (Male) |
| 0:18 | Build | House |
| 0:20 | Build | House |
| 0:21 | Build | House |
| 0:22 | Build | House |
| 0:24 | Build | House |
| 3:03 | Create | Villager (Male) |
| 3:03 | Create | Villager (Male) |
| 3:03 | Create | Villager (Male) |
| 3:44 | Create | Villager (Male) |
| 3:44 | Create | Villager (Male) |
| 3:44 | Create | Villager (Male) |
| 3:45 | Create | Villager (Male) |
| 4:48 | Create | Villager (Male) |
| 4:48 | Create | Villager (Male) |
| 6:32 | Build | Lumber Camp |
| 7:07 | Create | Villager (Male) |
| 7:08 | Create | Villager (Male) |
| 7:08 | Create | Villager (Male) |
| 7:08 | Create | Villager (Male) |
| 7:50 | Create | Villager (Male) |
| 7:51 | Create | Villager (Male) |
| 8:28 | Create | Villager (Male) |
| 8:29 | Create | Villager (Male) |
| 9:03 | Create | Villager (Male) |
| 9:36 | Build | Mill |
| 9:40 | Create | Villager (Male) |
| 9:40 | Create | Villager (Male) |
| 9:40 | Create | Villager (Male) |
| 10:34 | Build | Mill |
| 10:51 | Create | Villager (Male) |
| 10:51 | Create | Villager (Male) |
| 11:01 | Create | Villager (Male) |
| 11:01 | Create | Villager (Male) |
| 11:02 | Create | Villager (Male) |
| 11:07 | Create | Villager (Male) |
| 11:48 | Build | Lumber Camp |
| 13:18 | Research | Feudal Age |
| 13:28 | Build | Mining Camp |
| 15:04 | Create | Villager (Male) |
| 15:04 | Create | Villager (Male) |
| 15:05 | Create | Villager (Male) |
| 15:39 | Build | Market |
| 16:00 | Build | Stone Wall |
| 16:17 | Build | Mining Camp |
| 16:43 | Build | House |
| 16:46 | Build | House |
| 16:48 | Build | House |
| 17:01 | Create | Villager (Male) |
| 17:01 | Create | Villager (Male) |
| 17:01 | Create | Villager (Male) |
| 17:06 | Research | Double-Bit Axe |
| 18:09 | Create | Villager (Male) |
| 18:24 | Build | Building 490 |
| 18:47 | Build | Blacksmith |
| 18:49 | Build | House |
| 18:51 | Build | House |
| 19:21 | Build | Stone Wall |
| 19:32 | Build | Barracks |
| 20:04 | Research | Castle Age |
| 20:49 | Build | Barracks |
| 21:09 | Build | Farm |
| 21:11 | Build | Farm |
| 21:12 | Build | Farm |
| 21:14 | Build | Farm |
| 21:15 | Build | Farm |
| 21:21 | Build | Farm |
| 21:23 | Research | Horse Collar |
| 21:27 | Build | House |
| 21:29 | Build | House |
| 21:32 | Build | House |
| 21:33 | Build | House |
| 21:34 | Build | House |
| 21:35 | Build | House |
| 21:36 | Build | House |
| 21:38 | Build | House |
| 22:35 | Build | House |
| 23:03 | Research | Bow Saw |
| 24:08 | Build | Castle |
| 24:24 | Create | Villager (Male) |
| 24:24 | Create | Villager (Male) |
| 24:24 | Create | Villager (Male) |
| 24:25 | Create | Villager (Male) |
| 24:25 | Create | Villager (Male) |
| 24:25 | Create | Villager (Male) |
| 24:33 | Build | Town Center |
| 25:28 | Build | Town Center |
| 25:46 | Create | Villager (Male) |
| 25:46 | Create | Villager (Male) |
| 26:04 | Research | Town Watch |
| 26:42 | Build | Siege Workshop |
| 26:54 | Build | House |
| 26:55 | Build | House |
| 27:03 | Create | Villager (Male) |
| 27:04 | Create | Villager (Male) |
| 27:04 | Create | Villager (Male) |
| 27:04 | Create | Villager (Male) |
| 27:05 | Create | Villager (Male) |
| 27:05 | Create | Villager (Male) |
| 27:05 | Create | Villager (Male) |
| 27:46 | Build | Farm |
| 27:53 | Build | Farm |
| 27:56 | Create | Villager (Male) |
| 27:56 | Create | Villager (Male) |
| 27:56 | Create | Villager (Male) |
| 28:01 | Build | Farm |
| 28:04 | Build | Farm |
| 28:05 | Build | Farm |
| 28:07 | Build | Farm |
| 28:09 | Build | Farm |
| 28:12 | Build | Farm |
| 28:21 | Create | Battering Ram |
| 28:43 | Build | Lumber Camp |
| 28:48 | Create | Villager (Male) |
| 28:48 | Create | Villager (Male) |
| 28:48 | Create | Villager (Male) |
| 29:01 | Build | House |
| 29:03 | Build | House |
| 29:04 | Build | House |
| 29:05 | Build | House |
| 29:06 | Build | House |
| 29:09 | Build | House |
| 29:12 | Build | House |
| 29:26 | Build | House |
| 29:57 | Build | Siege Workshop |
| 30:04 | Build | Farm |
| 30:06 | Build | Farm |
| 30:07 | Build | Farm |
| 30:11 | Build | Farm |
| 30:13 | Build | Farm |
| 30:15 | Create | Villager (Male) |
| 30:30 | Create | Villager (Male) |
| 30:30 | Create | Villager (Male) |
| 30:30 | Create | Villager (Male) |
| 30:31 | Create | Villager (Male) |
| 30:48 | Build | Mining Camp |
| 30:54 | Create | Villager (Male) |
| 30:55 | Create | Villager (Male) |
| 31:03 | Build | Farm |
| 31:40 | Build | Barracks |
| 31:46 | Build | Farm |
| 31:47 | Build | Farm |
| 31:49 | Build | Farm |
| 31:50 | Build | Farm |
| 32:00 | Build | University |
Build order — iKalakamalaka
First 150 of 411 actions detected
| 0:22 | Build | House |
| 0:24 | Create | Villager (Male) ×4 |
| 0:44 | Build | Building 796 |
| 0:51 | Build | Palisade Wall |
| 2:46 | Research | Loom |
| 2:47 | Create | Villager (Male) ×3 |
| 3:37 | Build | House |
| 4:07 | Build | House |
| 5:35 | Create | Villager (Male) ×5 |
| 8:16 | Build | Lumber Camp |
| 9:05 | Create | Villager (Male) |
| 9:05 | Create | Villager (Male) |
| 9:05 | Create | Villager (Male) |
| 9:07 | Create | Villager (Male) |
| 10:56 | Build | Mill |
| 12:08 | Research | Feudal Age |
| 14:18 | Age | Feudal Age |
| 14:34 | Research | Horse Collar |
| 14:37 | Research | Double-Bit Axe |
| 14:54 | Build | Building 487 |
| 15:03 | Build | Stone Wall |
| 16:00 | Research | Wheelbarrow |
| 16:00 | Research | Town Watch |
| 16:01 | Create | Villager (Male) ×5 |
| 16:32 | Build | Barracks |
| 16:49 | Build | Building 490 |
| 16:53 | Build | Stone Wall |
| 16:59 | Build | Stone Wall |
| 17:21 | Build | House |
| 17:23 | Build | House |
| 18:07 | Build | Farm |
| 18:08 | Build | Farm |
| 18:09 | Build | Farm |
| 18:10 | Build | Farm |
| 18:20 | Build | Mining Camp |
| 18:28 | Research | Arson |
| 18:55 | Create | Villager (Male) |
| 18:56 | Create | Villager (Male) |
| 18:56 | Create | Villager (Male) |
| 19:15 | Build | Blacksmith |
| 19:21 | Build | Mining Camp |
| 19:32 | Build | Market |
| 19:43 | Research | Gold Mining |
| 19:43 | Research | Stone Mining |
| 21:44 | Build | Farm |
| 21:45 | Build | Farm |
| 21:45 | Build | Farm |
| 21:46 | Build | Farm |
| 21:47 | Build | Farm |
| 21:48 | Build | Farm |
| 21:48 | Build | Farm |
| 21:54 | Create | Villager (Male) ×5 |
| 22:23 | Build | Building 490 |
| 22:33 | Build | Stone Wall |
| 22:37 | Build | Stone Wall |
| 22:51 | Build | House |
| 22:54 | Build | House |
| 22:55 | Build | House |
| 22:58 | Build | House |
| 23:00 | Build | House |
| 23:02 | Build | House |
| 23:04 | Build | House |
| 23:19 | Create | Trade Cart |
| 23:19 | Create | Trade Cart |
| 23:19 | Create | Trade Cart |
| 24:21 | Research | Castle Age |
| 24:24 | Create | Trade Cart |
| 24:45 | Build | Lumber Camp |
| 25:02 | Research | Forging |
| 25:17 | Build | Archery Range |
| 25:23 | Build | Stable |
| 25:35 | Create | Villager (Male) ×3 |
| 25:58 | Build | Stable |
| 26:09 | Build | Stable |
| 26:12 | Build | Stable |
| 26:15 | Build | Stable |
| 26:19 | Build | Stable |
| 26:23 | Build | Stable |
| 26:58 | Research | Bloodlines |
| 27:03 | Age | Castle Age |
| 27:06 | Research | Iron Casting |
| 27:31 | Build | Town Center |
| 27:57 | Create | Villager (Male) |
| 27:57 | Create | Villager (Male) |
| 27:58 | Create | Villager (Male) |
| 28:03 | Build | Farm |
| 28:19 | Build | Monastery |
| 28:39 | Build | Farm |
| 28:58 | Build | Farm |
| 29:09 | Create | Villager (Male) |
| 29:09 | Create | Villager (Male) |
| 29:09 | Create | Villager (Male) |
| 29:13 | Create | Monk |
| 29:20 | Build | Farm |
| 29:23 | Create | Villager (Male) |
| 29:23 | Create | Villager (Male) |
| 29:23 | Create | Villager (Male) |
| 29:32 | Research | Bow Saw |
| 29:42 | Build | Farm |
| 30:09 | Build | Mining Camp |
| 30:51 | Research | Fervor |
| 30:55 | Research | Caravan |
| 30:56 | Create | Trade Cart |
| 30:56 | Create | Trade Cart |
| 31:02 | Create | Villager (Male) |
| 31:02 | Create | Villager (Male) |
| 31:02 | Create | Villager (Male) |
| 31:03 | Create | Villager (Male) |
| 31:11 | Create | Villager (Male) ×5 |
| 31:20 | Research | Scale Barding Armor |
| 31:58 | Build | Town Center |
| 32:05 | Create | Villager (Male) |
| 32:05 | Create | Villager (Male) |
| 32:05 | Create | Villager (Male) |
| 32:18 | Create | Villager (Male) |
| 32:18 | Create | Villager (Male) |
| 32:24 | Build | Lumber Camp |
| 32:35 | Build | Lumber Camp |
| 32:41 | Research | Gold Shaft Mining |
| 33:16 | Create | Villager (Male) |
| 33:16 | Create | Villager (Male) |
| 33:23 | Create | Villager (Male) ×5 |
| 34:19 | Research | Hand Cart |
| 34:21 | Create | Villager (Male) |
| 34:21 | Create | Villager (Male) |
| 34:38 | Research | Elite Skirmisher (upgrade) |
| 34:47 | Research | Husbandry |
| 35:26 | Create | Monk |
| 35:33 | Build | Farm |
| 35:34 | Build | Farm |
| 35:34 | Build | Farm |
| 35:41 | Research | Heavy Plow |
| 35:45 | Research | Stone Shaft Mining |
| 36:04 | Build | House |
| 36:07 | Build | House |
| 36:14 | Build | House |
| 36:20 | Build | House |
| 36:22 | Build | House |
| 36:22 | Build | House |
| 36:23 | Build | House |
| 36:42 | Create | Trade Cart ×5 |
| 37:27 | Build | Castle |
| 37:35 | Build | Mining Camp |
| 37:40 | Research | Squires |
| 37:51 | Build | House |
| 37:54 | Build | House |
| 37:58 | Build | House |
| 38:02 | Build | House |
| 38:06 | Build | House |
| 38:10 | Build | House |
Build order — 3119395234
First 150 of 853 actions detected
| 0:15 | Research | Loom |
| 0:16 | Create | Villager (Male) ×4 |
| 0:16 | Create | Villager (Male) ×4 |
| 0:56 | Build | House |
| 0:58 | Build | House |
| 1:44 | Build | Palisade Wall |
| 3:13 | Build | Palisade Wall |
| 3:38 | Create | Villager (Male) |
| 3:38 | Create | Villager (Male) ×2 |
| 3:38 | Create | Villager (Male) ×2 |
| 3:39 | Create | Villager (Male) |
| 4:33 | Create | Villager (Male) |
| 4:33 | Create | Villager (Male) |
| 5:44 | Create | Villager (Male) |
| 5:44 | Create | Villager (Male) |
| 5:44 | Create | Villager (Male) |
| 5:45 | Create | Villager (Male) |
| 5:45 | Create | Villager (Male) |
| 5:45 | Create | Villager (Male) |
| 5:47 | Create | Villager (Male) |
| 6:10 | Build | Lumber Camp |
| 6:22 | Build | House |
| 6:24 | Build | House |
| 6:27 | Build | House |
| 6:47 | Build | Mill |
| 7:55 | Create | Villager (Male) |
| 7:55 | Create | Villager (Male) |
| 7:56 | Create | Villager (Male) |
| 8:16 | Build | Mill |
| 9:42 | Create | Villager (Male) |
| 9:42 | Create | Villager (Male) ×5 |
| 9:43 | Create | Villager (Male) ×5 |
| 9:43 | Create | Villager (Male) ×5 |
| 11:06 | Create | Villager (Male) |
| 11:07 | Create | Villager (Male) |
| 11:07 | Create | Villager (Male) |
| 11:07 | Create | Villager (Male) |
| 11:08 | Create | Villager (Male) |
| 11:08 | Create | Villager (Male) |
| 11:08 | Create | Villager (Male) |
| 13:03 | Research | Feudal Age |
| 15:13 | Age | Feudal Age |
| 15:22 | Build | Lumber Camp |
| 15:40 | Build | Farm |
| 15:42 | Build | Farm |
| 15:45 | Build | Farm |
| 15:47 | Build | Farm |
| 15:51 | Build | Farm |
| 15:52 | Build | Farm |
| 15:54 | Build | Farm |
| 15:55 | Build | Farm |
| 15:57 | Build | Farm |
| 16:18 | Research | Wheelbarrow |
| 16:43 | Create | Villager (Male) |
| 16:51 | Research | Double-Bit Axe |
| 16:56 | Research | Horse Collar |
| 17:09 | Build | Farm |
| 17:30 | Build | Stone Wall |
| 17:46 | Research | Town Watch |
| 18:56 | Build | Farm |
| 18:59 | Build | Farm |
| 19:02 | Build | Farm |
| 19:04 | Build | Farm |
| 19:06 | Build | Farm |
| 19:08 | Build | Farm |
| 19:10 | Build | Farm |
| 19:15 | Build | Farm |
| 19:17 | Build | Farm |
| 19:19 | Build | Farm |
| 19:25 | Create | Villager (Male) ×5 |
| 19:25 | Create | Villager (Male) ×5 |
| 19:26 | Create | Villager (Male) ×5 |
| 19:26 | Create | Villager (Male) ×5 |
| 19:26 | Create | Villager (Male) ×5 |
| 19:59 | Build | House |
| 19:59 | Build | House |
| 19:59 | Build | House |
| 20:00 | Build | House |
| 20:00 | Build | House |
| 20:00 | Build | House |
| 20:01 | Build | House |
| 20:01 | Build | House |
| 20:02 | Build | House |
| 20:02 | Build | House |
| 20:03 | Build | House |
| 20:10 | Build | House |
| 20:10 | Build | House |
| 20:13 | Build | House |
| 20:13 | Build | House |
| 20:13 | Build | House |
| 20:14 | Build | House |
| 20:14 | Build | House |
| 20:14 | Build | House |
| 20:15 | Build | House |
| 20:15 | Build | House |
| 20:15 | Build | House |
| 20:16 | Build | House |
| 20:17 | Build | House |
| 20:17 | Build | House |
| 20:17 | Build | House |
| 20:38 | Build | Mining Camp |
| 20:53 | Build | Watch Tower |
| 21:29 | Build | Blacksmith |
| 22:40 | Build | Mining Camp |
| 22:55 | Research | Stone Mining |
| 22:56 | Research | Gold Mining |
| 24:09 | Build | House |
| 24:30 | Build | House |
| 24:38 | Build | House |
| 25:03 | Build | Palisade Wall |
| 25:53 | Build | Market |
| 26:12 | Build | Lumber Camp |
| 26:38 | Create | Villager (Male) |
| 26:38 | Create | Villager (Male) |
| 26:38 | Create | Villager (Male) |
| 26:39 | Create | Villager (Male) ×5 |
| 26:39 | Create | Villager (Male) ×5 |
| 26:39 | Create | Villager (Male) ×5 |
| 27:07 | Build | Palisade Wall |
| 27:28 | Build | Market |
| 27:48 | Build | House |
| 27:48 | Build | House |
| 27:48 | Build | House |
| 27:48 | Build | House |
| 27:49 | Build | House |
| 27:49 | Build | House |
| 27:50 | Build | House |
| 27:50 | Build | House |
| 27:50 | Build | House |
| 27:51 | Build | House |
| 27:51 | Build | House |
| 27:51 | Build | House |
| 27:52 | Build | House |
| 27:52 | Build | House |
| 27:52 | Build | House |
| 27:53 | Build | House |
| 27:53 | Build | House |
| 27:53 | Build | House |
| 27:54 | Build | House |
| 27:54 | Build | House |
| 27:54 | Build | House |
| 27:55 | Build | House |
| 28:09 | Research | Castle Age |
| 29:42 | Create | Trade Cart |
| 29:43 | Create | Trade Cart |
| 29:43 | Create | Trade Cart |
| 29:43 | Create | Trade Cart |
| 29:44 | Create | Trade Cart |
| 29:55 | Create | Trade Cart |
| 29:56 | Create | Trade Cart |
Match timeline
| 0:21 | GeneralValen673 · wall_segment Palisade Wall x27 |
| 0:51 | iKalakamalaka · wall_segment Palisade Wall x1 |
| 1:44 | 3119395234 · wall_segment Palisade Wall x9 |
| 3:13 | 3119395234 · wall_segment Palisade Wall x1 |
| 3:27 | FalteringHarpy5 · wall_segment Palisade Wall x26 |
| 4:50 | FalteringHarpy5 · wall_segment Palisade Wall x14 |
| 6:16 | Gradubide_II · wall_segment Palisade Wall x12 |
| 7:08 | Patheris · wall_segment Palisade Wall x4 |
| 7:52 | Patheris · wall_segment Palisade Wall x13 |
| 9:55 | Patheris · wall_segment Palisade Wall x8 |
| 11:36 | Patheris · wall_segment Palisade Wall x1 |
| 13:00 | Gradubide_II · age_up feudal |
| 14:18 | iKalakamalaka · age_up feudal |
| 15:03 | iKalakamalaka · wall_segment Stone Wall x9 |
| 15:13 | 3119395234 · age_up feudal |
| 15:57 | Patheris · age_up feudal |
| 16:00 | GenMati · wall_segment Stone Wall x26 |
| 16:32 | iKalakamalaka · first_building Barracks |
| 16:53 | iKalakamalaka · wall_segment Stone Wall x1 |
| 16:59 | iKalakamalaka · wall_segment Stone Wall x3 |
| 17:30 | 3119395234 · wall_segment Stone Wall x11 |
| 18:44 | FalteringHarpy5 · first_market_sell 100 stone |
| 18:49 | FalteringHarpy5 · first_market_buy 100 food |
| 19:21 | GenMati · wall_segment Stone Wall x7 |
| 19:32 | GenMati · first_building Barracks |
| 20:07 | Patheris · age_up castle |
| 21:14 | FalteringHarpy5 · first_building Barracks |
| 22:33 | iKalakamalaka · wall_segment Stone Wall x9 |
| 22:37 | iKalakamalaka · wall_segment Stone Wall x4 |
| 22:56 | carrito21 · wall_segment Stone Wall x9 |
| 24:08 | GenMati · first_building Castle |
| 25:03 | 3119395234 · wall_segment Palisade Wall x2 |
| 25:06 | FalteringHarpy5 · first_building Castle |
| 25:12 | Gradubide_II · wall_segment Stone Wall x9 |
| 25:12 | Patheris · first_building Castle |
| 25:17 | iKalakamalaka · first_building Archery Range |
| 25:23 | iKalakamalaka · first_building Stable |
| 26:42 | GenMati · first_building Siege Workshop |
| 27:02 | Gradubide_II · first_building Barracks |
| 27:03 | iKalakamalaka · age_up castle |
| 27:07 | 3119395234 · wall_segment Palisade Wall x4 |
| 27:40 | Gradubide_II · wall_segment Stone Wall x4 |
| 28:19 | iKalakamalaka · first_building Monastery |
| 29:16 | Gradubide_II · first_building Archery Range |
| 29:26 | GeneralValen673 · first_building Barracks |
| 29:35 | Gradubide_II · age_up castle |
| 29:39 | FalteringHarpy5 · first_building Archery Range |
| 30:49 | 3119395234 · age_up castle |
| 31:14 | Patheris · age_up imperial |
| 31:19 | Gradubide_II · first_building Stable |
| 31:35 | carrito21 · first_building Castle |
| 31:35 | Gradubide_II · first_building Castle |
| 32:03 | GeneralValen673 · first_market_sell 100 wood |
| 32:06 | GeneralValen673 · first_market_buy 100 food |
| 32:19 | GenMati · first_building Monastery |
| 33:53 | 3119395234 · first_building Castle |
| 34:29 | carrito21 · first_building Siege Workshop |
| 35:00 | Patheris · resign |
| 35:25 | GeneralValen673 · first_building Castle |
| 35:34 | carrito21 · first_building Barracks |
| 36:20 | 3119395234 · first_building Monastery |
| 36:29 | 3119395234 · first_building Barracks |
| 37:13 | Gradubide_II · first_building Siege Workshop |
| 37:27 | iKalakamalaka · first_building Castle |
| 38:44 | GeneralValen673 · first_building Siege Workshop |
| 39:20 | carrito21 · wall_segment Stone Wall x12 |
| 40:55 | 3119395234 · age_up imperial |
| 41:44 | iKalakamalaka · wall_segment Stone Wall x1 |
| 43:18 | iKalakamalaka · first_building Siege Workshop |
| 44:15 | GenMati · first_building Stable |
| 45:18 | iKalakamalaka · first_market_buy 100 food |
| 46:27 | GeneralValen673 · first_building Stable |
| 48:32 | iKalakamalaka · age_up imperial |
| 48:54 | 3119395234 · first_building Stable |
| 49:03 | 3119395234 · first_building Siege Workshop |
| 55:02 | iKalakamalaka · first_market_sell 500 wood |
| 55:45 | GeneralValen673 · tribute_sent a jugador 1 |
| 55:45 | GeneralValen673 · tribute_sent a jugador 2 |
| 55:45 | GeneralValen673 · tribute_sent a jugador 3 |
| 55:45 | GeneralValen673 · tribute_sent a jugador 5 |
| 55:45 | GeneralValen673 · tribute_sent a jugador 6 |
| 55:45 | GeneralValen673 · tribute_sent a jugador 7 |
| 55:45 | GeneralValen673 · tribute_sent a jugador 8 |
| 57:16 | Gradubide_II · age_up imperial |
| 58:08 | FalteringHarpy5 · first_building Stable |
| 63:25 | Gradubide_II · first_market_sell 100 wood |
| 65:41 | carrito21 · first_building Stable |
| 67:01 | 3119395234 · first_market_buy 100 stone |
| 76:47 | FalteringHarpy5 · first_building Monastery |
[ AI ANALYSIS · 1 CREDIT ]
What really happened in this match?
Wolo.gg analyzes every decision: build order, eco, micro, common mistakes by bracket. Personalized analysis on WhatsApp or Discord in 30 seconds.
Civ guide
Khmer
Map guide
Black Forest
Perfil
Patheris